 Dungeon Crawl Stone Soup version 0.27.1-1-g398f81649c (webtiles) character file.

Game seed: 2739969606832899831

110378 speeev33 the Warrior (level 16, -1/161 HPs)
             Began as a Hill Orc Fighter on Sept 15, 2021.
             Was a High Priest of Okawaru.
             Slain by a large abomination (23 damage)
             ... on level 3 of the Abyss.
             The game lasted 00:57:04 (30011 turns).

speeev33 the Warrior (Hill Orc Fighter)            Turns: 30011, Time: 00:57:05

Health: -1/161     AC: 40    Str: 29    XL:     16   Next: 54%
Magic:  0/30       EV:  5    Int: 15    God:    Okawaru [*****.]
Gold:   2173       SH: 23    Dex: 10    Spells: 15/15 levels left

rFire    + + .     SeeInvis +   a - +4 broad axe (elec)
rCold    . . .     Faith    .   T - +2 tower shield {AC+3}
rNeg     . . .     Spirit   +   Q - +3 crystal plate armour
rPois    +         Reflect  .   S - +1 helmet {SInv}
rElec    +         Harm     .   C - +1 cloak
rCorr    .         Rampage  .   L - +2 pair of gloves {Str+3}
Will     +....     Rnd*Rage +   U - +0 pair of boots of Midnight {Int+7} Stlth ..........Rnd*Tele +
                                K - amulet of guardian spirit
HPRegen  0.36/turn              u - ring of poison resistance
MPRegen  0.22/turn              H - ring "Pacefrih" {*Slow rElec rF++ MP+9 Str+4}

@: unable to read, studying Fighting
A: [berserk 2], [teleportitis 1], [weak 2], [inability to read while threatened]
a: Renounce Religion, Heroism, Finesse


You were on level 3 of the Abyss.
You worshipped Okawaru.
Okawaru was extremely pleased with you.
You visited 5 branches of the dungeon, and saw 24 of its levels.
You visited the Abyss 1 time.
You also visited: Gauntlet.

You collected 3008 gold pieces.
You spent 835 gold pieces at shops.

Inventory:

Hand Weapons
 a - a +4 broad axe of electrocution (weapon)
 b - a +1 vorpal flail
Missiles
 o - 14 atropa-tipped darts (quivered)
 O - 8 silver javelins
Armour
 C - a +1 cloak (worn)
 L - a +2 pair of gloves of strength (worn)
 Q - a +3 crystal plate armour (worn)
 S - a +1 helmet of see invisible (worn)
 T - a +2 tower shield of protection (worn)
 U - the +0 pair of boots of Midnight (worn) {Int+7}
   (Okawaru gifted it to you on level 3 of the Swamp)

   Int:       It affects your intelligence (+7).
Jewellery
 g - a ring of protection from cold
 r - a ring of protection from fire
 u - a ring of poison resistance (left hand)
 B - a ring of willpower
 E - a +4 ring of protection
 H - the ring "Pacefrih" (right hand) {*Slow rElec rF++ MP+9 Str+4}
   (You found it on level 10 of the Dungeon)

   [ring of magical power]

   Str:       It affects your strength (+4).
   rF:        It greatly protects you from fire.
   rElec:     It insulates you from electricity.
   MP:        It affects your magic capacity (+9).
   *Slow:     It may slow you when you take damage.
 K - an amulet of guardian spirit (around neck)
 N - the ring of Boloo {rElec EV+4}
   (You took it off a minotaur in a Gauntlet)

   [ring of evasion]

   EV:        It affects your evasion (+4).
   rElec:     It insulates you from electricity.
 P - a ring of flight
Wands
 h - a wand of flame (45)
 t - a wand of digging (7)
 I - a wand of iceblast (45)
 M - a wand of polymorph (13)
Scrolls
 c - 2 scrolls of fog
 i - 2 scrolls of immolation
 j - 2 scrolls of amnesia
 q - 8 scrolls of magic mapping
 s - 6 scrolls of teleportation
 v - 3 scrolls of fear
 w - a scroll of silence
 x - 3 scrolls of blinking
 y - a scroll of enchant armour
 J - 8 scrolls of identify
 R - a scroll of brand weapon
Potions
 d - 3 potions of curing
 f - 6 potions of brilliance
 k - 4 potions of flight
 l - 4 potions of haste
 m - 2 potions of resistance
 n - 5 potions of lignification
 p - 4 potions of magic
 z - 3 potions of berserk rage
 A - 3 potions of ambrosia
 D - a potion of might
 G - a potion of mutation
Miscellaneous
 F - a phial of floods


   Skills:
 + Level 19.5 Fighting
 - Level 18.0 Axes
 - Level 15.0 Armour
 + Level 15.7 Shields
 - Level 7.0 Invocations


You had 15 spell levels left.
You didn't know any spells.
Your spell library contained the following spells:

 Spells                   Type           Power      Damage    Failure   Level
 Apportation              Tloc           0%         N/A       100%        1
 Beastly Appendage        Tmut           0%         N/A       100%        1
 Pain                     Necr           0%         1d4       100%        1
 Shock                    Conj/Air       0%         1d3       100%        1
 Ensorcelled Hibernation  Hex/Ice        0%         N/A       100%        2
 Slow                     Hex            0%         N/A       100%        2
 Wereblood                Tmut           0%         N/A       100%        2
 Confusing Touch          Hex            0%         N/A       100%        3
 Spider Form              Tmut/Pois      0%         N/A       100%        3
 Swiftness                Air            0%         N/A       100%        3
 Vampiric Draining        Necr           0%         2d6       100%        3
 Airstrike                Air            0%         N/A       100%        4
 Agony                    Necr           0%         N/A       100%        5
 Alistair's Intoxication  Tmut/Pois      0%         N/A       100%        5
 Excruciating Wounds      Necr           0%         N/A       100%        5
 Fireball                 Conj/Fire      0%         3d3       100%        5
 Iskenderun's Battlesphe  Conj           0%         2d6       100%        5
 Yara's Violent Unravell  Hex/Tmut       0%         3d3       100%        5
 Conjure Ball Lightning   Conj/Air       0%         3x3d6     100%        6
 Invisibility             Hex            0%         N/A       100%        6
 Shadow Creatures         Summ           N/A        N/A       100%        6
 Malign Gateway           Summ/Tloc      0%         N/A       100%        7
 Orb of Destruction       Conj           0%         N/A       100%        7
 Summon Horrible Things   Summ           0%         N/A       100%        8


Dungeon Overview and Level Annotations

Branches:
Dungeon (12/15)            Temple (1/1) D:7            Lair (6/6) D:10
  Swamp (3/4) Lair:4        Snake (0/4) Lair:4        Slime (0/5) Lair:6
    Orc (2/2) D:12            Elf (0/3) Orc:2       Gauntlet (visited)

Altars:
Hepliaklqana
Okawaru
Qazlal
Uskayaw
Wu Jian
Zin
Beogh

Shops:
D:12 (   Orc:1 *   Orc:2 *=[(*

Annotations:
D:4 3 runed translucent doors, Icepheonix32's ghost, amateur KoWr; Yajnam's ghost, amateur NaVM
Lair:5 2 transporters
Swamp:3 Louise


Innate Abilities, Weirdness & Mutations

[You often lose your temper in combat.]
[You are occasionally teleported next to monsters.]
[You are very weak. (Str -4)]
[You sometimes lose the ability to read scrolls when taking damage.]


Message History

A tentacle flies out from the starspawn's body!
An ufetubus comes into view.
A starspawn tentacle comes into view.
Found 3 atropa-tipped darts.
The tormentor calls on the powers of darkness!
Your body is wracked with pain!
* * * LOW HITPOINT WARNING * * *
The white very ugly thing convulses!
The white ugly thing convulses!
A hellwing comes into view.
The white very ugly thing basks in the mutagenic energy from its kin and changes!
You feel much better.
The hellwing gives a chilling moan.
The tormentor calls on the powers of darkness!
Your body is wracked with pain!
* * * LOW HITPOINT WARNING * * *
The red very ugly thing convulses!
The white ugly thing convulses!
You block the large abomination's attack.
The tormentor says, "I'll crush your bones, one by one."
The tormentor calls on the powers of darkness!
Your body is wracked with pain!
* * * LOW HITPOINT WARNING * * *
The white ugly thing convulses!
The red very ugly thing convulses!
The white ugly thing basks in the mutagenic energy from its kin and changes!
You feel much better.
The ufetubus shouts!
The tormentor shouts, "Prepare for my thousand needles of pain!"
The tormentor calls on the powers of darkness!
The red ugly thing convulses!
Your body is wracked with pain!
* * * LOW HITPOINT WARNING * * *
The large abomination hits you!
* * * LOW HITPOINT WARNING * * *
Tentacles burst from the starspawn's body!
A white very ugly thing comes into view. 2 starspawn tentacles come into view.
You block the large abomination's attack.
The tormentor says, "I will show you what pain is."
You feel better.
You block the large abomination's attack.
The large abomination hits you!!
You die...

. # x . . . ##..
###################### #
#.......X........... ..
.......@X.5.............
....(...2##4....####. $.
....#....u......# ...
.............4.. ....
..............u.X.... .
#....###+#####u##....
...... ..#.. ... ......
.5. . .. ..#.# .#


You could see a white very ugly thing (wandering), a red ugly thing, 2 large
abominations, a hellwing, a tormentor and an ufetubus.

Vanquished Creatures
  A tentacled monstrosity (Swamp:2)
  Gastronok (Lair:3)
  Frances (Swamp:1)
  Kirke (Lair:5)
  A cacodemon (Gauntlet)
  2 orc warlords (Orc:1)
  A minotaur (Gauntlet)
  A bunyip (Swamp:1)
  2 eleionomae
  A shambling mangrove (Swamp:2)
  Harold (D:7)
  3 boulder beetles
  12 hydras
  A catoblepas (Lair:4)
  6 alligators
  3 centaur warriors
  A ghost crab (Swamp:1)
  A merfolk avatar (Lair:6)
  2 two-headed ogres
  12 death yaks
  A tengu warrior (Swamp:1)
  4 orc high priests
  2 thrashing horrors (Gauntlet)
  A wretched star (Abyss:3)
  4 spriggan druids
  2 sea snakes (Lair:6)
  2 swamp dragons (Swamp:2)
  3 orc knights
  8 orc sorcerers
  An ugly thing (D:10)
  5 will-o-the-wisps
  2 manticores
  2 cyclopes
  16 elephants
  2 gargoyles
  5 black mambas
  Maggie (D:7)
  13 cane toads
  An efreet (Abyss:3)
  A kobold demonologist (D:11)
  4 rime drakes
  8 komodo dragons
  A hellwing (Abyss:3)
  A tengu conjurer (Swamp:1)
  8 trolls
  4 polar bears
  A bloated husk (Swamp:2)
  5 tyrant leeches
  7 hornets
  A shadow dragon simulacrum (Abyss:3)
  13 blink frogs
  7 dream sheep (Lair:4)
  2 snapping turtles (Lair:6)
  4 wraiths
  A shadow (D:11)
  A centaur simulacrum (D:12)
  A ynoxinul (Abyss:3)
  4 spriggans (Swamp:2)
  3 wyverns (Lair:6)
  39 yaks
  2 large abominations (Abyss:3)
  2 hogs (Lair:5)
  3 steam dragons
  5 vampire mosquitoes
  2 basilisks
  A neqoxec (Gauntlet)
  Grum (Lair:1)
  15 swamp worms
  7 wargs
  Edmund (D:5)
  2 nagas (Lair:4)
  An acid dragon (D:11)
  16 water moccasins
  Duvessa (D:7)
  A swamp drake (Swamp:1)
  A sky beast (D:6)
  A hornet zombie (D:5)
  33 orc warriors
  3 ice beasts
  A black bear (D:5)
  4 starcursed masses (Abyss:3)
  A necrophage (D:4)
  12 wolves
  9 ogres
  7 centaurs
  A phantom (D:6)
  A kobold brigand (D:8)
  13 bullfrogs
  3 gnoll sergeants
  A wyvern zombie (D:5)
  A wyvern skeleton (D:7)
  A scorpion (D:7)
  Dowan (D:7)
  9 killer bees
  3 small abominations
  6 electric eels
  6 howler monkeys
  A bullfrog zombie (D:7)
  2 centaur zombies
  2 hounds (D:5)
  3 jellies
  11 orc priests
  4 centaur skeletons
  2 iguanas
  Jessica (D:3)
  15 orc wizards
  A killer bee zombie (D:7)
  A hound skeleton (D:5)
  A howler monkey zombie (D:9)
  8 gnolls
  A howler monkey skeleton (D:7)
  7 adders
  A white imp (D:7)
  An ufetubus (D:4)
  An adder skeleton (D:3)
  A dart slug (D:1)
  2 worms (D:3)
  92 orcs
  6 bats
  4 endoplasms
  A giant cockroach (D:2)
  3 goblins
  4 hobgoblins
  8 jackals
  16 kobolds
  2 quokkas (D:2)
  7 ball pythons
  2 frilled lizards
  2 rats
636 creatures vanquished.

Vanquished Creatures (others)
  A bloated husk (Swamp:1)
  An orc (D:9)
  13 demonic plants (Gauntlet)
  21 foxfires
  53 fungi
  44 plants
  4 starspawn tentacles (Abyss:3)
  6 withered plants (D:4)
143 creatures vanquished.

Grand Total: 779 creatures vanquished

Notes
Turn   | Place    | Note
-------+----------+-------------------------------------------
     0 | D:1      | speeev33 the Hill Orc Fighter began the quest for the Orb.
     0 | D:1      | Reached XP level 1. HP: 19/19 MP: 1/1
   192 | D:1      | Found a faded altar of an unknown god.
   343 | D:1      | Reached XP level 2. HP: 27/27 MP: 2/2
  1174 | D:2      | Reached skill level 4 in Fighting
  1329 | D:2      | Reached XP level 3. HP: 32/33 MP: 3/3
  2258 | D:2      | Reached XP level 4. HP: 39/40 MP: 4/4
  2862 | D:3      | Noticed Jessica
  2867 | D:3      | Killed Jessica
  3064 | D:4      | Reached XP level 5. HP: 45/47 MP: 5/5
  3626 | D:4      | Found a runed translucent gate.
  3626 | D:4      | Found a runed translucent gate.
  3627 | D:4      | Found a runed translucent gate.
  3633 | D:4      | Noticed Icepheonix32's ghost (amateur KoWr)
  3633 | D:4      | Noticed Yajnam's ghost (amateur NaVM)
  3722 | D:4      | Found a stormy altar of Qazlal.
  3802 | D:4      | Found an iron altar of Okawaru.
  3827 | D:4      | Became a worshipper of Warmaster Okawaru
  3849 | D:4      | Noticed a necrophage
  3861 | D:4      | Killed a necrophage
  3862 | D:4      | Reached skill level 5 in Fighting
  3862 | D:4      | Reached XP level 6. HP: 49/56 MP: 6/6
  4358 | D:5      | Entered Level 5 of the Dungeon
  4359 | D:5      | Identified a scroll of acquirement
  4359 | D:5      | Acquired a +2 broad axe of electrocution
  4405 | D:5      | Reached skill level 5 in Axes
  4405 | D:5      | Reached skill level 5 in Shields
  4462 | D:5      | Reached skill level 5 in Armour
  4462 | D:5      | Reached XP level 7. HP: 59/61 MP: 7/7
  4503 | D:5      | Reached * piety under Okawaru
  4558 | D:5      | Noticed a +0 hand axe
  4559 | D:5      | Noticed a +0 dagger
  4563 | D:5      | Found a hide-covered altar of Uskayaw.
  4565 | D:5      | Noticed a two-headed ogre
  4575 | D:5      | HP: 3/62 [two-headed ogre (22)]
  4576 | D:5      | Killed a two-headed ogre
  4576 | D:5      | Reached ** piety under Okawaru
  4576 | D:5      | Reached *** piety under Okawaru
  4577 | D:5      | Reached skill level 6 in Fighting
  4577 | D:5      | Reached XP level 8. HP: 4/71 MP: 8/8
  5067 | D:5      | Noticed a troll
  5074 | D:5      | Killed a troll
  5075 | D:5      | Reached skill level 7 in Fighting
  5201 | D:5      | Reached **** piety under Okawaru
  5566 | D:5      | Found a hazy altar of Hepliaklqana.
  5566 | D:5      | Noticed Edmund
  5575 | D:5      | Killed Edmund
  5576 | D:5      | Reached XP level 9. HP: 80/80 MP: 7/9
  5821 | D:6      | Reached skill level 8 in Fighting
  6021 | D:6      | Received a gift from Okawaru
  6436 | D:6      | Found an ornate altar of the Wu Jian Council.
  7248 | D:7      | Found a staircase to the Ecumenical Temple.
  7250 | D:7      | Noticed Dowan
  7251 | D:7      | Noticed Duvessa
  7271 | D:7      | Killed Dowan
  7338 | D:7      | Noticed Maggie
  7349 | D:7      | Killed Maggie
  7350 | D:7      | Reached skill level 9 in Fighting
  7415 | Temple   | Entered the Ecumenical Temple
  7672 | D:7      | Reached XP level 10. HP: 77/91 MP: 10/10
  7758 | D:7      | Killed Duvessa
  8107 | D:7      | Noticed Harold
  8138 | D:7      | Killed Harold
  8138 | D:7      | Reached ***** piety under Okawaru
  8139 | D:7      | Reached skill level 10 in Axes
  8536 | D:7      | Reached skill level 10 in Fighting
 10536 | D:8      | Received a gift from Okawaru
 10537 | D:8      | Reached XP level 11. HP: 97/101 MP: 11/11
 10703 | D:8      | Found a glowing silver altar of Zin.
 11095 | D:9      | Noticed a centaur warrior
 11097 | D:9      | Noticed a cyclops
 11098 | D:9      | Noticed a manticore
 11118 | D:9      | Killed a centaur warrior
 11299 | D:9      | Killed a manticore
 11425 | D:9      | Reached skill level 10 in Shields
 11426 | D:9      | Reached skill level 10 in Armour
 11514 | D:9      | Noticed a four-headed hydra
 11530 | D:9      | Killed a four-headed hydra
 11531 | D:9      | Reached skill level 11 in Fighting
 11956 | D:9      | Killed a cyclops
 12212 | D:10     | Entered Level 10 of the Dungeon
 12265 | D:10     | Noticed a death yak
 12288 | D:10     | Killed a death yak
 12289 | D:10     | Reached skill level 1 in Invocations
 12447 | D:10     | Noticed a death yak
 12448 | D:10     | Noticed a death yak
 12466 | D:10     | Noticed a death yak
 12468 | D:10     | Killed a death yak
 12472 | D:10     | Noticed a death yak
 12476 | D:10     | Killed a death yak
 12485 | D:10     | Killed a death yak
 12489 | D:10     | Killed a death yak
 12489 | D:10     | Received a gift from Okawaru
 12490 | D:10     | Reached XP level 12. HP: 35/110 MP: 12/14
 12866 | D:10     | Identified the ring "Pacefrih" {*Slow rElec rF++ MP+9
                  | Str+4}
 13439 | D:10     | Noticed a centaur warrior
 13447 | D:10     | Killed a centaur warrior
 13598 | D:10     | Found a staircase to the Lair.
 14018 | D:10     | Noticed a two-headed ogre
 14024 | D:10     | Killed a two-headed ogre
 14024 | D:10     | Received a gift from Okawaru
 14254 | D:10     | Acquired 679 gold pieces
 14285 | Lair:1   | Entered Level 1 of the Lair of Beasts
 14294 | Lair:1   | Noticed a six-headed hydra
 14316 | Lair:1   | Killed a six-headed hydra
 14317 | Lair:1   | Reached skill level 12 in Fighting
 14486 | Lair:1   | Reached skill level 5 in Invocations
 14762 | Lair:1   | Noticed an eight-headed hydra
 14764 | Lair:1   | Noticed Grum
 14793 | Lair:1   | Killed a nine-headed hydra
 15137 | Lair:1   | Killed Grum
 17113 | Lair:3   | Received a gift from Okawaru
 17119 | Lair:3   | Reached XP level 13. HP: 108/119 MP: 17/17
 17120 | Lair:3   | Reached ****** piety under Okawaru
 17210 | Lair:3   | Noticed Gastronok
 17221 | Lair:3   | Killed Gastronok
 17222 | Lair:3   | Reached skill level 13 in Fighting
 17844 | Lair:4   | Found a gate leading to a gauntlet.
 17859 | Gauntlet | Entered a Gauntlet
 17859 | Gauntlet | Found a transporter.
 17859 | Gauntlet | Found a transporter.
 17860 | Gauntlet | Found a transporter.
 17862 | Gauntlet | Found a transporter.
 17862 | Gauntlet | Noticed a cacodemon
 17863 | Gauntlet | Found a transporter.
 17875 | Gauntlet | Found a large runed translucent door.
 17876 | Gauntlet | Found a large runed translucent door.
 17877 | Gauntlet | Found a large runed translucent door.
 17877 | Gauntlet | Found a large runed translucent door.
 17877 | Gauntlet | Found a runed translucent door.
 17877 | Gauntlet | Found a runed translucent door.
 17878 | Gauntlet | Found a large runed translucent door.
 17878 | Gauntlet | Found a large runed translucent door.
 17878 | Gauntlet | Found a large runed translucent door.
 17878 | Gauntlet | Found a large runed translucent door.
 17879 | Gauntlet | Found a large runed translucent door.
 17879 | Gauntlet | Found a large runed translucent door.
 17880 | Gauntlet | Found a large runed translucent door.
 17880 | Gauntlet | Found a large runed translucent door.
 17881 | Gauntlet | Found a large runed translucent door.
 17881 | Gauntlet | Found a large runed translucent door.
 17882 | Gauntlet | Found a large runed translucent door.
 17882 | Gauntlet | Found a large runed translucent door.
 17884 | Gauntlet | Found a transporter.
 17890 | Gauntlet | Found a transporter.
 17951 | Gauntlet | Found a runed translucent gate.
 17951 | Gauntlet | Found a runed translucent gate.
 17951 | Gauntlet | Found a runed translucent gate.
 17953 | Gauntlet | Found a transporter.
 17974 | Gauntlet | Found a transporter.
 17991 | Gauntlet | Found a transporter.
 17999 | Gauntlet | Found a transporter.
 18071 | Gauntlet | Found a transporter.
 18251 | Gauntlet | Killed a cacodemon
 18268 | Gauntlet | Identified the +0 helmet "Iqyc" {+Inv rF- Dex-5 Stlth+}
 18394 | Gauntlet | Identified the ring of Boloo {rElec EV+4}
 18394 | Gauntlet | Noticed a minotaur
 18416 | Gauntlet | Killed a minotaur
 18849 | Lair:4   | Received a gift from Okawaru
 18850 | Lair:4   | Reached skill level 14 in Fighting
 19244 | Lair:4   | Reached XP level 14. HP: 77/133 MP: 18/18
 19620 | Lair:4   | Reached skill level 15 in Axes
 20060 | Lair:4   | Found a staircase to the Snake Pit.
 20260 | Lair:4   | Found a staircase to the Swamp.
 20458 | Lair:5   | Reached skill level 15 in Fighting
 20718 | Lair:5   | Received a gift from Okawaru
 20987 | Lair:5   | Found a transporter.
 21022 | Lair:5   | Found a transporter.
 21064 | Lair:5   | Noticed Kirke
 21090 | Lair:5   | Killed Kirke
 21477 | Lair:6   | Entered Level 6 of the Lair of Beasts
 21663 | Lair:6   | Identified the -1 hat of Ajirav {rElec rF- Str+4} (Okawaru
                  | gifted it to you on level 6 of the Lair of Beasts)
 21663 | Lair:6   | Received a gift from Okawaru
 21664 | Lair:6   | Reached skill level 16 in Fighting
 22338 | Lair:6   | Reached XP level 15. HP: 145/145 MP: 19/19
 22716 | Lair:6   | Found a staircase to the Slime Pits.
 23790 | D:12     | Reached skill level 17 in Fighting
 23856 | D:12     | Found Evyculik's Weapon Emporium.
 23859 | D:12     | Found a staircase to the Orcish Mines.
 24465 | Orc:1    | Entered Level 1 of the Orcish Mines
 24677 | Orc:2    | Entered Level 2 of the Orcish Mines
 24677 | Orc:2    | Noticed an orc warlord
 24804 | Orc:1    | Killed an orc warlord
 24804 | Orc:1    | Identified the +4 battleaxe of Somewhere Else {drain, rPois
                  | Will+ Str+2 Dex-2} (Okawaru gifted it to you on level 1 of
                  | the Orcish Mines)
 24804 | Orc:1    | Received a gift from Okawaru
 24995 | Orc:2    | Found a staircase to the Elven Halls.
 25045 | Orc:2    | Found Ymorch Roong's General Store.
 25052 | Orc:2    | Found Fuoquwa's Jewellery Shop.
 25052 | Orc:2    | Noticed an orc warlord
 25098 | Orc:1    | Killed an orc warlord
 25922 | Orc:2    | Found Daukhor's Antique Armour Emporium.
 25933 | Orc:2    | Bought a glowing cloak for 165 gold pieces
 25938 | Orc:2    | Bought a runed helmet for 165 gold pieces
 25938 | Orc:2    | Bought a runed helmet for 165 gold pieces
 26013 | Orc:2    | Found Juetis's Antique Weapon Boutique.
 26111 | Orc:2    | Found Apness's General Store.
 26193 | Orc:2    | Received a gift from Okawaru
 26201 | Orc:2    | Reached skill level 18 in Fighting
 26536 | Orc:1    | Found Ugareasa's General Store.
 26720 | Orc:1    | Found a roughly hewn altar of Beogh.
 26916 | Orc:2    | Bought a ring of poison resistance for 340 gold pieces
 27102 | Swamp:1  | Entered Level 1 of the Swamp
 27117 | Swamp:1  | Acquired a +2 tower shield of protection
 27846 | Swamp:1  | Reached skill level 15 in Shields
 27897 | Swamp:1  | Noticed Frances
 27918 | Swamp:1  | Killed Frances
 27919 | Swamp:1  | Reached skill level 15 in Armour
 28011 | Swamp:1  | Reached XP level 16. HP: 146/158 MP: 20/20
 28918 | Swamp:2  | Noticed a tentacled monstrosity
 28939 | Swamp:2  | Killed a tentacled monstrosity
 29178 | Swamp:2  | Reached skill level 19 in Fighting
 29667 | Swamp:3  | Identified the +0 pair of boots of Midnight {Int+7}
                  | (Okawaru gifted it to you on level 3 of the Swamp)
 29667 | Swamp:3  | Received a gift from Okawaru
 29684 | Swamp:3  | Noticed Louise
 29712 | Swamp:3  | Cast into level 3 of the Abyss (Louise)
 29750 | Abyss:3  | Noticed an Executioner
 29766 | Abyss:3  | Found an iron altar of Okawaru.
 30002 | Abyss:3  | Noticed a tentacled starspawn
 30011 | Abyss:3  | Slain by a large abomination

Illustrated notes

Levels and vault maps discovered:
D:1:      kilobyte_arrival_exit_the_forest, layout_loops_ring,
          ebering_ecumenical_altar_rust, minmay_small_reverse_x
D:2:      layout_basic
D:3:      layout_rooms, uniq_jessica
D:4:      layout_basic, kennysheep_little_box, mainiacjoe_overflow_alcove_4,
          gammafunk_ghost_cemetery, bh_walls_and_bars
D:5:      layout_loops_ring, worldfamousw_hep_ancestral_shrine,
          dancing_weapons_uskayaw, grunt_decor_arrowhead, uniq_edmund
D:6:      layout_loops_corners, nicolae_wu_jian_wuxing_cycle
D:7:      layout_loops_ring, temple_statues, st_stairs_11,
          kennysheep_opposing_triangles, uniq_maggie, uniq_duvessa, uniq_harold
D:8:      layout_loops_ring, mainiacjoe_overflow_boulevard,
          kennysheep_cross_room, st_stairs_13, kennysheep_generic_room_9
D:9:      layout_loops_ring, nrook_uturn, grunt_tough_drop
D:10:     layout_basic, dpeg_lair_monsters
D:11:     layout_small_grid, minmay_misc_feat_iff
D:12:     layout_roguey, orc_david_3, minmay_fractal_squares_diagonal_5
Temple:   nicolae_temple_elliptical
Lair:1:   layout_regular_city, minmay_hedge_maze, grunt_megastairs_4, uniq_grum
Lair:2:   layout_roguey, serial_bayou_shore_a
Lair:3:   layout_roguey, infiniplex_staircase_pool_2, lemuel_fruit_tree,
          grunt_megastairs_3, uniq_gastronok
Lair:4:   beast_lair_carwin_large_2, layout_regular_city,
          nicolae_swamp_entry_splash_gauntlet, guppyfry_snake_entry_garden,
          gauntlet_entry_generic
Lair:5:   gammafunk_cloud_chamber, layout_cave_shapes, serial_bayou_crossing,
          uniq_kirke
Lair:6:   gammafunk_lair_ancient_temple, layout_gridlike,
          nicolae_slime_entry_slimehenge, serial_bayou_shore_b
Swamp:1:  layout_basic_swamp, nicolae_swamp_little_swirl, swamp_pool2,
          kb_tengu_band, uniq_frances
Swamp:2:  layout_basic_swamp, evilmike_swamp_ruin_wall
Swamp:3:  layout_basic_swamp, ebering_ghost_rock_garden,
          evilmike_swamp_ruin_house_2, swamp_pool1, uniq_louise, uniq_bai_suzhen
Orc:1:    layout_caves, serial_shops, nicolae_shop_trees, mines2_david
Orc:2:    grunt_orc_gardens, layout_caves, grunt_orc_garden, grunt_orc_garden,
          grunt_orc_garden, grunt_orc_garden, serial_shops, shop
Abyss:3:  base: D:15, lemuel_flamethrower_3, gammafunk_abyss_rune_reverse_zot,
          due_exit_kobolds

Skill      XL: |  1  2  3  4  5  6  7  8  9 10 11 12 13 14 15 16 |
---------------+-------------------------------------------------+-----
Axes           | 3 4 5 6 7 9 10 12 13 14 16 17 18 | 18.0
Fighting       | 4 5 6 7 9 10 11 12 14 16 18 19 | 19.5
Shields        | 4 5 6 7 8 9 10 11 12 14 15 | 15.7
Armour         | 4 5 6 7 8 9 10 11 12 14 15 | 15.0
Invocations    | 3 6 7 |  7.0

Action                   |  1- 3 |  4- 6 |  7- 9 | 10-12 | 13-15 | 16-18 || total
-------------------------+-------+-------+-------+-------+-------+-------++-------
Melee: War axe           |   109 |   109 |       |       |       |       ||   218
       Broad axe         |       |     9 |   123 |   436 |   827 |   232 ||  1627
       Flail             |       |       |       |    25 |    84 |     9 ||   118
Throw: Throwing net      |       |       |       |     2 |     4 |       ||     6
Invok: Heroism           |       |       |     3 |     8 |     9 |     2 ||    22
       Finesse           |       |       |       |     2 |     5 |     1 ||     8
Evoke: Wand              |       |       |       |     1 |       |       ||     1
  Use: Scroll            |     1 |    10 |     8 |     6 |     8 |     1 ||    34
       Potion            |       |       |     2 |     1 |     2 |     5 ||    10
 Stab: Held in net/web   |       |       |       |     1 |     2 |       ||     3
Armor: Scale mail        |    14 |       |       |       |       |       ||    14
       Chain mail        |    61 |    91 |    13 |       |       |       ||   165
       Plate armour      |       |       |    30 |   253 |   494 |       ||   777
       Crystal plate arm |       |       |       |       |    72 |   168 ||   240
Dodge: Dodged            |    33 |    39 |    27 |   120 |   246 |    33 ||   498
Block: Kite shield       |    52 |    67 |    76 |   325 |   642 |       ||  1162
       Tower shield      |       |       |       |       |    75 |   323 ||   398
